Map: Cactus Valley LE (Void)

Players

llllllllllll (eGGz)

  • Race: Zerg Zerg
  • League: Grandmaster
  • Spawn Location: 7:00

Railgan - Winner!

  • Race: Zerg Zerg
  • League: Grandmaster
  • Spawn Location: 1:00

VOD

Have the link to the VOD?

Description

Time

  • Played on: Feb. 22, 2017, 5:36 p.m.
  • Length: 9:02
Show
View Real Time Build Order
Export as new Build Order

llllllllllll Zerg 

Build Orders: Pool First 

Get SALT Encoding   

  12  0:01  Drone  
  13  0:10  Extractor  
  12  0:16  Drone  
  13  0:29  Spawning Pool  
  13  0:33  Drone  
  13  0:37  Drone  
  14  0:48  Overlord  
  14  1:04  Extractor  
  14  1:05  Drone  
  15  1:17  Metabolic Boost  
  15  1:18  Zergling x4  
  17  1:20  Zergling x2  
  18  1:31  Zergling x2  
  19  1:38  Queen  
  21  1:40  Zergling x2  
  22  1:54  Overlord  
  22  2:07  Hatchery  
  21  2:13  Zergling x2  
  21  2:14  Zergling x2  
  23  2:27  Zergling x2  
  24  2:33  Zergling x2  
  23  3:00  Zergling x8  
  24  3:14  Zergling x2  
  24  3:20  Queen  
  24  3:21  Drone x2  
  28  3:30  Drone  
  29  3:35  Drone  
  29  3:42  Drone x2  
  31  3:48  Drone x2  
  31  3:49  Drone, Baneling Nest  
  31  3:58  Drone x2  
  32  4:04  Zergling x2  
  33  4:10  Zergling x2  
  33  4:14  Zergling x2  
  35  4:23  Zergling x2  
  35  4:32  Overlord  
  35  4:33  Baneling x3, Overlord  
  33  4:58  Drone x4  
  33  4:59  Drone x3  
  39  5:05  Roach Warren, Zergling x4  
  39  5:06  Zergling x4  
  42  5:10  Zergling x4  
  44  5:14  Overlord  
  44  5:18  Baneling x5  
  44  5:21  Extractor  
  43  5:23  Overlord  
  43  5:27  Drone  
  43  5:28  Overlord x2  
  44  5:47  Roach x5  
  53  5:54  Roach  
  55  6:01  Roach x2  
  59  6:06  Roach  
  59  6:10  Hatchery  
  60  6:20  Roach x3  
  60  6:23  Overlord  
  67  6:40  Roach x4  
  73  7:00  Zergling x2  
  73  7:01  Zergling x10  
  79  7:06  Zergling x2  
  80  7:13  Zergling x2  
  80  7:14  Zergling x4  
  83  7:16  Overlord  
  83  7:17  Baneling x2  
  83  7:18  Baneling x7  
  83  7:26  Zergling x2  
  83  7:27  Zergling x6  
  87  7:32  Zergling x2  
  77  7:50  Zergling x6  
  74  7:55  Ravager  
  73  8:01  Zergling x4  
  66  8:07  Zergling x2  
  66  8:11  Queen  
  66  8:12  Drone x4  
  57  8:22  Drone x2  
  57  8:26  Roach  
  57  8:27  Roach  
  49  8:35  Evolution Chamber, Roach x2  
  49  8:36  Roach  
  62  8:48  Ravager  
Show
View Real Time Build Order
Export as new Build Order

Railgan Zerg - Winner!

Build Orders: Hatch First 

Get SALT Encoding   

  12  0:02  Drone  
  13  0:12  Overlord  
  13  0:17  Drone  
  14  0:31  Drone x2  
  17  0:35  Drone  
  17  0:48  Drone  
  18  0:58  Drone  
  18  1:01  Hatchery  
  18  1:02  Extractor  
  17  1:15  Spawning Pool  
  17  1:16  Drone  
  17  1:23  Drone  
  18  1:28  Drone  
  19  1:39  Overlord  
  19  1:51  Drone  
  20  2:03  Queen  
  20  2:05  Zergling x2  
  23  2:13  Drone, Queen  
  23  2:14  Drone, Metabolic Boost  
  27  2:22  Drone  
  28  2:26  Drone  
  29  2:33  Overlord  
  29  2:39  Queen  
  29  2:42  Zergling x2  
  32  2:49  Baneling Nest, Queen  
  32  2:50  Zergling x2  
  29  2:58  Zergling x2  
  28  3:08  Zergling x2  
  28  3:10  Zergling x2  
  28  3:12  Zergling x2  
  27  3:21  Queen  
  29  3:40  Drone  
  29  3:42  Zergling x8  
  29  3:43  Zergling x2  
  29  3:46  Baneling x2  
  33  3:50  Zergling x2  
  33  3:51  Zergling x2  
  35  3:58  Zergling x2  
  35  3:59  Zergling x2  
  35  4:06  Drone  
  36  4:19  Drone  
  36  4:23  Drone x2  
  39  4:32  Drone x5  
  39  4:35  Overlord  
  44  4:44  Overlord  
  42  4:58  Drone  
  42  4:59  Drone  
  43  5:05  Drone x2  
  45  5:08  Roach Warren, Drone x2  
  45  5:09  Drone  
  45  5:13  Overlord  
  47  5:14  Zergling x2  
  48  5:23  Evolution Chamber  
  48  5:25  Baneling  
  48  5:26  Baneling x2  
  47  5:28  Overlord  
  47  5:46  Baneling x2  
  47  5:47  Baneling, Roach x6  
  47  5:48  Roach  
  61  5:55  Drone x4  
  65  5:57  Drone  
  65  6:01  Overlord  
  66  6:05  Zergling x2  
  67  6:13  Hatchery  
  67  6:16  Roach x2  
  70  6:21  Roach  
  70  6:23  Drone  
  70  6:25  Extractor  
  72  6:39  Drone x4  
  76  6:40  Drone  
  76  6:42  Extractor  
  76  6:43  Drone  
  76  6:44  Drone  
  78  6:47  Overlord  
  78  6:55  Lair, Overlord  
  78  6:56  Drone x2  
  78  6:57  Drone, Overlord  
  78  7:00  Drone x2  
  83  7:03  Drone  
  82  7:08  Zergling x2  
  83  7:16  Roach  
  83  7:18  Roach  
  83  7:22  Roach x4  
  95  7:24  Roach x2  
  95  7:27  Roach  
  95  7:28  Overlord  
  101  7:34  Roach x2  
  96  7:49  Roach x4  
  92  7:52  Roach x2  
  92  7:56  Roach  
  92  7:58  Roach, Zergling x2  
  88  7:59  Zergling x4  
  88  8:00  Zergling x2  
  90  8:07  Roach x2  
  90  8:09  Zergling x2  
  90  8:11  Roach Warren, Zergling x2  
  90  8:12  Zergling x2  
  94  8:13  Queen  
  94  8:19  Zergling x6  
  91  8:23  Drone  
  91  8:24  Drone x2  
  91  8:28  Zergling x2  
  91  8:29  Zergling x4  
  91  8:30  Drone  
  94  8:36  Zergling x8  
  94  8:40  Extractor, Zergling x2  
  94  8:41  Zergling x2  
Tags
 
Add a new tag
Caveats
  • Supply blocks, unpowered buildings, or Contaminate may cause inaccurate times.
  • Supply counts are checked every 10 seconds.